 Dungeon Crawl Stone Soup version 0.32-a0-886-g41c5271027 (webtiles) character file.

Game seed: 14009280902807158315

80 smashvw the Trooper (level 4, -7/40 HPs)
             Began as a Mountain Dwarf Fighter on Apr 2, 2024.
             Mangled by a gnoll
             ... wielding a +0 halberd
              (11 damage)
             ... on level 2 of the Dungeon.
             The game lasted 00:03:39 (1250 turns).

smashvw the Trooper (Mountain Dwarf Fighter)        Turns: 1250, Time: 00:03:39

Health: -7/40      AC:  6    Str: 20    XL:     4   Next: 18%
Magic:  4/4        EV:  8    Int:  9    God:
Gold:   132        SH:  5    Dex: 15    Spells: 3/3 levels left

rFire   . . .        a - +0 war axe
rCold   . . .        c - +0 buckler
rNeg    . . .        b - +0 scale mail
rPois   .            (no helmet)
rElec   .            (no cloak)
rCorr   .            (no gloves)
SInv    .            (no boots)
Will    .....        (no amulet) Stlth
                     j - +6 ring of dexterity
HPRegen 0.26/turn    (no ring)
MPRegen 0.09/turn

%: no passive effects
@: mighty
A: runic magic, artefact enchanting
a: no special abilities


You were on level 2 of the Dungeon.
You visited 1 branch of the dungeon, and saw 2 of its levels.

You collected 132 gold pieces.

Inventory:

Hand Weapons
 a - a +0 war axe (weapon)
Missiles
 f - 2 throwing nets (quivered)
Armour
 b - a +0 scale mail (worn)
 c - a +0 buckler (worn)
Jewellery
 j - a +6 ring of dexterity (left hand)
Scrolls
 g - a scroll of amnesia {unknown}
 k - a scroll of identify {unknown}
 l - a scroll of poison {unknown}
Potions
 e - a potion of curing {unknown}
 h - 2 potions of heal wounds {unknown}
 i - a potion of degeneration {unknown}


   Skills:
 + Level 4.2 Fighting
 + Level 3.7 Axes
 - Level 3.2 Armour
 + Level 4.1 Shields


You had 3 spell levels left.
You didn't know any spells.
Your spell library was empty.

Dungeon Overview and Level Annotations

Branches:
Dungeon (2/15)

Altars:
Zin


Innate Abilities, Weirdness & Mutations

Your spellcasting is much less encumbered by armour.
You can use scrolls of enchantment on lesser artefacts.


Message History

The gnoll is lightly wounded.
The gnoll hits you with a +0 club. The gnoll barely misses you.
You slash the gnoll!
The gnoll is severely wounded.
The gnoll closely misses you.
You hit the gnoll but do no damage.
The gnoll is severely wounded.
The gnoll hits you with a +0 club.
You hit the gnoll.
You kill the gnoll!
You have reached level 4!
You feel clever.
You barely miss the rat. The rat closely misses you.
The gnoll hits you from afar with a +0 spear.
You slash the rat!
You kill the rat!
You block the gnoll's attack. The gnoll hits you with a +0 spear.
The gnoll hits you from afar with a +0 spear.
You slash the gnoll!
The gnoll is severely wounded.
The gnoll barely misses you.
The gnoll hits you from afar with a +0 spear.
The gnoll hits you but does no damage. The gnoll completely misses you.
Sorry, you're not good enough to have a special ability.
You feel very mighty all of a sudden. The gnoll hits you with a +0 spear.
You block the gnoll's attack.
You slash the gnoll!
You kill the gnoll!
The gnoll barely misses you.
The gnoll hits you from afar with a +0 halberd!
* * * LOW HITPOINT WARNING * * *
The gnoll hits you with a +0 spear.
* * * LOW HITPOINT WARNING * * *
Things that are here:
a +0 spear; a +0 club You hit the gnoll.
The gnoll is lightly wounded.
The gnoll hits you from afar with a +0 halberd!
You die...

. .# ## . .# .g .#.###
.##.... ....#####
#.###!....... #...g....# #
#####+##########...# .#
###...#.........@gg..# ####.
......#############..# #...
......# #..# ..# ......#
#..####.# .##...# #.......#
.##...# #...###.#
.##...#############...# #...
........^.........†.>.#######
###################........


You could see 2 gnolls.

Vanquished Creatures
  2 adders (D:2)
  2 gnolls (D:2)
  5 bats
  4 endoplasms
  4 giant cockroaches (D:1)
  2 goblins
  3 hobgoblins
  4 quokkas
  4 ball pythons (D:2)
  A frilled lizard (D:1)
  4 kobolds (D:1)
  5 rats
40 creatures vanquished.

Notes
Turn   | Place    | Note
-------+----------+-------------------------------------------
     0 | D:1      | smashvw the Mountain Dwarf Fighter began the quest for the
                  | Orb.
     0 | D:1      | Reached XP level 1. HP: 19/19 MP: 1/1
   200 | D:1      | Reached XP level 2. HP: 16/26 MP: 2/2
   604 | D:2      | Reached XP level 3. HP: 29/33 MP: 3/3
   897 | D:2      | Found a glowing silver altar of Zin.
  1242 | D:2      | Reached XP level 4. HP: 33/40 MP: 4/4
  1250 | D:2      | Mangled by a gnoll

Illustrated notes

Levels and vault maps discovered:
D:1:      dpeg_arrival_simpleton_c, layout_basic
D:2:      layout_basic, basic_altar

Skill      XL: |  1  2  3 |
---------------+----------+-----
Axes           | 3 |  3.7
Fighting       | 4 |  4.2
Shields        | 4 |  4.1
Armour         | |  3.2

Action                     |  1- 3 |  4- 6 || total
---------------------------+-------+-------++-------
  Melee: War axe           |   113 |     5 ||   118
    Use: Potion            |       |     1 ||     1
 Armour: Scale mail        |   110 |     9 ||   119
  Dodge: Dodged            |    59 |     4 ||    63
  Block: Buckler           |    30 |     2 ||    32

Table legend: (Time is in decaauts)
 A = Elapsed time spent in this place.
 B = Non-inter-level travel time spent in this place.
 C = Inter-level travel time spent in this place.
 D = Time resting spent in this place.
 E = Time spent auto-exploring this place.
 F = Levels seen in this place.
 G = Mean time per level.
                   A        B        C        D        E       F      G
               +--------+--------+--------+--------+--------+-----+--------+
         Total |   1293 |   1269 |     24 |      6 |    997 |   2 |  646.5 |
       Dungeon |   1293 |   1269 |     24 |      6 |    997 |   2 |  646.5 |
               +--------+--------+--------+--------+--------+-----+--------+

Top non-repeatable levels by time:
     D:2: 672 daAuts
     D:1: 621 daAuts
